WCHLSIM.com - West Coast Hockey League
html PUBLIC "-//W3C//DTD XHTML 1.0 Transitional//EN" "http://www.w3.org/TR/xhtml1/DTD/xhtml1-transitional.dtd"> WCHL - Game 89 - RENO LIONS vs KELOWNA ROCKETS

RENO LIONS vs KELOWNA ROCKETS

Created - 24 octobre 2022 at 21:00

Goals
1 2 3 T
RENO LIONS 1 1 0 2
KELOWNA ROCKETS 2 0 2 4
Shots
1 2 3 T
RENO LIONS 8 10 4 22
KELOWNA ROCKETS 15 8 10 33

1st period

1. KELOWNA ROCKETS , Auston Matthews 4 (Pavel Buchnevich 5, Adam Fox 4) at 12:01
2. KELOWNA ROCKETS , Jonathan Dahlen 1 (Duncan Keith 5, Anthony DeAngelo 3) at 14:40
3. RENO LIONS , Elias Pettersson 2 (Steven Stamkos 10, Kirill Kaprizov 4) at 17:51 (PP)

Penalties :
Mattias Samuelsson (REN) for Tripping (Minor) at 12:09, Dmitri Orlov (KEL) for Roughing (Minor) at 16:04

2nd period

4. RENO LIONS , Ilya Mikheyev 2 (Pierre-Luc Dubois 3, Cam Atkinson 3) at 8:12

Penalties :
Alexander Ovechkin (KEL) for Roughing (Minor) at 3:20

3rd period

5. KELOWNA ROCKETS , Tyler Bertuzzi 3 (Jonathon Merrill 1, J.T. Compher 2) at 9:12
6. KELOWNA ROCKETS , Pavel Buchnevich 3 (Auston Matthews 4) at 11:50

Penalties :
Dmitri Orlov (KEL) for Roughing (Minor) at 0:44

Goalie Stats

Elvis Merzlikins (REN), 29 saves from 33 shots - (0,879), L, 2-3-0, 60:00 minutes
Sergei Bobrovsky (KEL), 20 saves from 22 shots - (0,909), W, 3-2-0, 60:00 minutes

Players Stats for RENO LIONS

Player Name              G  A  P  +/- PIM S  H  SB GA TA FO     MP     PP MP  PK MP  
------------------------------------------------------------------------------------
Andreas Johnsson         0  0  0  -1  0   3  0  0  0  0  0/0     9:48   0:00   0:00 
Cam Atkinson             0  1  1  -1  0   2  0  0  0  0  0/1    17:08   2:50   0:00 
Derek Grant              0  0  0  -1  0   2  0  0  0  0  6/13    9:48   0:00   0:00 
Elias Pettersson         1  0  1  -1  0   2  0  0  0  0  1/1    23:20   2:55   0:52 
Ethan Bear               0  0  0  -1  0   0  0  0  0  0  0/0    13:50   0:00   0:47 
Ilya Mikheyev            1  0  1  -1  0   4  0  1  0  0  0/0    17:55   2:50   0:47 
Jacob Trouba             0  0  0  -1  0   0  2  2  0  0  0/0    25:19   2:55   0:36 
Kirill Kaprizov          0  1  1  -1  0   1  0  2  0  0  0/1    22:28   2:55   0:00 
Mattias Samuelsson       0  0  0  -2  2   0  0  2  0  0  0/0    20:46   2:50   0:00 
Nicholas Ritchie         0  0  0   0  0   1  1  0  0  0  0/0     8:37   0:00   0:00 
Nikita Zadorov           0  0  0  -1  0   0  2  1  0  0  0/0    21:11   2:50   0:56 
Oliver Ekman-Larsson     0  0  0  -1  0   0  2  1  0  0  0/0    25:29   2:55   0:46 
Patrick Brown            0  0  0   0  0   0  0  0  0  0  7/12    9:44   0:00   1:07 
Pierre-Luc Dubois        0  1  1  -1  0   3  3  0  0  0  12/20  17:08   2:50   0:00 
Robert Hagg              0  0  0   0  0   0  0  6  0  0  0/0    13:18   0:00   0:47 
Steven Stamkos           0  1  1  -1  0   1  0  0  0  0  17/30  22:48   2:55   0:20 
Trevor Lewis             0  0  0  -1  0   1  0  0  0  0  0/1     9:54   0:00   0:06 
Vincent Hinostroza       0  0  0   0  0   2  0  0  0  0  0/0     9:29   0:00   0:52 

Players Stats for KELOWNA ROCKETS

Player Name              G  A  P  +/- PIM S  H  SB GA TA FO     MP     PP MP  PK MP  
------------------------------------------------------------------------------------
Adam Fox                 0  1  1   0  0   1  1  1  0  0  0/0    24:12   0:51   3:11 
Alexander Ovechkin       0  0  0   0  2   5  0  0  0  0  0/1    18:37   0:51   0:00 
Anthony Cirelli          0  0  0   0  0   0  1  0  0  0  13/25  22:03   0:00   4:16 
Anthony DeAngelo         0  1  1   2  0   1  1  0  0  0  0/0    20:54   0:51   1:27 
Auston Matthews          1  1  2   2  0   3  1  1  0  0  13/26  19:46   0:51   0:59 
Cody Eakin               0  0  0   1  0   0  0  0  0  0  3/8     4:38   0:00   0:00 
Derek Ryan               0  0  0   0  0   1  0  0  0  0  0/0    12:25   0:00   0:30 
Dmitri Orlov             0  0  0   0  4   0  4  1  0  0  0/0    20:50   1:08   0:32 
Duncan Keith             0  1  1   2  0   2  1  0  0  0  0/0    21:07   0:00   3:29 
J.T. Compher             0  1  1   0  0   3  0  0  0  0  7/15   13:03   1:08   0:00 
Jonathan Dahlen          1  0  1   1  0   1  0  0  0  0  0/0     5:37   0:00   0:59 
Jonathon Merrill         0  1  1   1  0   1  0  1  0  0  0/0    15:03   0:00   0:35 
Keegan Kolesar           0  0  0   1  0   0  1  0  0  0  0/0     4:38   0:00   0:00 
Mark Giordano            0  0  0   1  0   0  2  0  0  0  0/0    17:52   1:08   2:16 
Pavel Buchnevich         1  1  2   2  0   6  2  0  0  0  0/3    19:34   1:08   0:30 
Tyler Bertuzzi           1  0  1   0  0   4  3  0  0  0  0/0    13:03   1:08   0:00 
Valeri Nichushkin        0  0  0   0  0   3  1  1  0  0  0/0    22:03   0:00   4:16 
Vladimir Tarasenko       0  0  0   2  0   2  1  0  0  0  0/1    18:47   0:51   0:00 

3 Stars

1 - Pavel Buchnevich (KEL)
2 - Auston Matthews (KEL)
3 - Tyler Bertuzzi (KEL)

Power Play

RENO LIONS - 1 on 3 Attempt(s) - 33,33%
KELOWNA ROCKETS - 0 on 1 Attempt(s) - 0,00%

Penalty Kill

RENO LIONS - 1 on 1 Attempt(s) - 100,00% - Score 0 goal in Penalty Kill
KELOWNA ROCKETS - 2 on 3 Attempt(s) - 66,67% - Score 0 goal in Penalty Kill

Team Stat

RENO LIONS - Hits : 10 - Faceoff Wins : 43 - Blocked Shots : 15 - Penalty Minutes : 2
KELOWNA ROCKETS - Hits : 19 - Faceoff Wins : 36 - Blocked Shots : 5 - Penalty Minutes : 6

Official

Referees : Kyle Rehman and Graham Skilliter
Linesman : Dennis Urban and Brad Kovachik

Game Notes

No Game Note

Finance

Level 1 -- Attendance: 6600 (100,00%) -- Ticket Income 818 400 $
Level 2 -- Attendance: 5600 (100,00%) -- Ticket Income 526 400 $
Level 3 -- Attendance: 3058 (95,56%) -- Ticket Income 195 712 $
Level 4 -- Attendance: 5014 (89,54%) -- Ticket Income 270 756 $
Luxury Box -- Attendance: 1000 (100,00%) -- Ticket Income 259 000 $
Game was played at the Cherepanov Coliseum.
Total Attendance: 21272 (96,69%)
Total Ticket Income: 2 070 268 $
Other Expense: 20 703 $
Total Income: 2 049 565 $

RENO LIONS

5 vs 5 Forward 
   Center                   Left Wing                Right Wing               Time % Phy DF OF 
 1 Steven Stamkos           Kirill Kaprizov          Elias Pettersson         40     1   1  3  
 2 Pierre-Luc Dubois        Ilya Mikheyev            Cam Atkinson             30     1   1  3  
 3 Derek Grant              Andreas Johnsson         Trevor Lewis             20     1   3  1  
 4 Patrick Brown            Nicholas Ritchie         Vincent Hinostroza       10     2   3  0  

5 vs 5 Defense 
   Defense                  Defense                                           Time % Phy DF OF 
 1 Jacob Trouba             Oliver Ekman-Larsson                              36     1   2  2  
 2 Nikita Zadorov           Mattias Samuelsson                                31     1   2  2  
 3 Ethan Bear               Robert Hagg                                       23     1   2  2  
 4 Jacob Trouba             Oliver Ekman-Larsson                              10     1   2  2  

PowerPlay Forward 
   Center                   Left Wing                Right Wing               Time % Phy DF OF 
 1 Steven Stamkos           Kirill Kaprizov          Elias Pettersson         55     1   2  2  
 2 Pierre-Luc Dubois        Ilya Mikheyev            Cam Atkinson             45     1   2  2  

PowerPlay Defense
   Defense                  Defense                                           Time % Phy DF OF 
 1 Jacob Trouba             Oliver Ekman-Larsson                              55     1   2  2  
 2 Mattias Samuelsson       Nikita Zadorov                                    45     1   2  2  

Penalty Kill 4 Players Forward 
   Center                   Wing                     Time % Phy DF OF 
 1 Patrick Brown            Ilya Mikheyev            55     1   2  2  
 2 Elias Pettersson         Vincent Hinostroza       45     1   2  2  

Penalty Kill 4 Players Defense
   Defense                  Defense                  Time % Phy DF OF 
 1 Mattias Samuelsson       Robert Hagg              55     1   2  2  
 2 Ethan Bear               Nikita Zadorov           45     1   2  2  

Penalty Kill - 3 Players Forward 
   Forward                                           Time % Phy DF OF 
 1 Steven Stamkos                                    55     1   2  2  
 2 Elias Pettersson                                  45     1   2  2  

Penalty Kill - 3 Players Defense
   Defense                  Defense                  Time % Phy DF OF 
 1 Jacob Trouba             Oliver Ekman-Larsson     55     1   2  2  
 2 Mattias Samuelsson       Robert Hagg              45     1   2  2  

4 vs 4 Forward 
   Center                   Wing                     Time % Phy DF OF 
 1 Derek Grant              Andreas Johnsson         55     1   2  2  
 2 Trevor Lewis             Nicholas Ritchie         45     1   2  2  

4 vs 4 Defense
   Defense                  Defense                  Time % Phy DF OF 
 1 Ethan Bear               Robert Hagg              55     1   2  2  
 2 Jacob Trouba             Oliver Ekman-Larsson     45     1   2  2  

Last Minutes Offensive
   Center                   Left Wing                Right Wing               Defense                  Defense                  
   Steven Stamkos           Kirill Kaprizov          Elias Pettersson         Jacob Trouba             Oliver Ekman-Larsson     

Last Minutes Defensive
   Center                   Left Wing                Right Wing               Defense                  Defense                  
   Steven Stamkos           Kirill Kaprizov          Ilya Mikheyev            Jacob Trouba             Oliver Ekman-Larsson     

Goaltenders
Starting : Elvis Merzlikins         
Backup : Eric Comrie              

Extra Forwards
Normal : Pierre-Luc Dubois, Cam Atkinson, Derek Grant - PP : Andreas Johnsson, Nicholas Ritchie - PK : Patrick Brown
Extra Defensemen
Normal : Nikita Zadorov, Ethan Bear, Jacob Trouba - PP : Oliver Ekman-Larsson - PK : Mattias Samuelsson, Robert Hagg
Penalty Shots
Steven Stamkos, Kirill Kaprizov, Elias Pettersson, Pierre-Luc Dubois, Cam Atkinson
Custom OT Lines Forwards
Steven Stamkos, Kirill Kaprizov, Elias Pettersson, Pierre-Luc Dubois, Cam Atkinson, Ilya Mikheyev, Derek Grant, Trevor Lewis, Andreas Johnsson, Nicholas Ritchie
Custom OT Lines Defensemen
Jacob Trouba, Oliver Ekman-Larsson, Nikita Zadorov, Mattias Samuelsson, Robert Hagg

Scratches
None

KELOWNA ROCKETS

5 vs 5 Forward 
   Center                   Left Wing                Right Wing               Time % Phy DF OF 
 1 Auston Matthews          Pavel Buchnevich         Vladimir Tarasenko       38     0   1  4  
 2 Anthony Cirelli          Alexander Ovechkin       Valeri Nichushkin        37     0   1  4  
 3 J.T. Compher             Tyler Bertuzzi           Derek Ryan               25     1   2  2  
 4 Cody Eakin               Jonathan Dahlen          Keegan Kolesar           0      1   3  1  

5 vs 5 Defense 
   Defense                  Defense                                           Time % Phy DF OF 
 1 Dmitri Orlov             Adam Fox                                          37     0   2  3  
 2 Duncan Keith             Anthony DeAngelo                                  35     0   2  3  
 3 Jonathon Merrill         Mark Giordano                                     28     0   3  2  
 4 Adam Fox                 Anthony DeAngelo                                  0      0   1  4  

PowerPlay Forward 
   Center                   Left Wing                Right Wing               Time % Phy DF OF 
 1 Auston Matthews          Alexander Ovechkin       Vladimir Tarasenko       60     0   0  5  
 2 J.T. Compher             Tyler Bertuzzi           Pavel Buchnevich         40     0   1  4  

PowerPlay Defense
   Defense                  Defense                                           Time % Phy DF OF 
 1 Adam Fox                 Anthony DeAngelo                                  60     0   0  5  
 2 Dmitri Orlov             Mark Giordano                                     40     0   1  4  

Penalty Kill 4 Players Forward 
   Center                   Wing                     Time % Phy DF OF 
 1 Anthony Cirelli          Valeri Nichushkin        65     0   4  1  
 2 Derek Ryan               Pavel Buchnevich         35     0   4  1  

Penalty Kill 4 Players Defense
   Defense                  Defense                  Time % Phy DF OF 
 1 Adam Fox                 Duncan Keith             55     0   4  1  
 2 Dmitri Orlov             Mark Giordano            45     0   4  1  

Penalty Kill - 3 Players Forward 
   Forward                                           Time % Phy DF OF 
 1 Anthony Cirelli                                   60     0   5  0  
 2 Valeri Nichushkin                                 40     0   5  0  

Penalty Kill - 3 Players Defense
   Defense                  Defense                  Time % Phy DF OF 
 1 Duncan Keith             Adam Fox                 55     0   5  0  
 2 Dmitri Orlov             Mark Giordano            45     0   5  0  

4 vs 4 Forward 
   Center                   Wing                     Time % Phy DF OF 
 1 Auston Matthews          Pavel Buchnevich         55     0   2  3  
 2 Anthony Cirelli          Valeri Nichushkin        45     0   2  3  

4 vs 4 Defense
   Defense                  Defense                  Time % Phy DF OF 
 1 Adam Fox                 Duncan Keith             55     0   2  3  
 2 Anthony DeAngelo         Dmitri Orlov             45     0   2  3  

Last Minutes Offensive
   Center                   Left Wing                Right Wing               Defense                  Defense                  
   Auston Matthews          Alexander Ovechkin       Vladimir Tarasenko       Adam Fox                 Anthony DeAngelo         

Last Minutes Defensive
   Center                   Left Wing                Right Wing               Defense                  Defense                  
   Auston Matthews          Pavel Buchnevich         Valeri Nichushkin        Duncan Keith             Adam Fox                 

Goaltenders
Starting : Sergei Bobrovsky         
Backup : Craig Anderson           

Extra Forwards
Normal : Alexander Ovechkin, Auston Matthews, Vladimir Tarasenko - PP : Anthony Cirelli, Jonathan Dahlen - PK : Auston Matthews
Extra Defensemen
Normal : Anthony DeAngelo, Jonathon Merrill, Mark Giordano - PP : Duncan Keith - PK : Anthony DeAngelo, Jonathon Merrill
Penalty Shots
Alexander Ovechkin, Vladimir Tarasenko, Auston Matthews, Pavel Buchnevich, Tyler Bertuzzi
Custom OT Lines Forwards
Auston Matthews, Alexander Ovechkin, Anthony Cirelli, Pavel Buchnevich, Valeri Nichushkin, Vladimir Tarasenko, J.T. Compher, Tyler Bertuzzi, Derek Ryan, Jonathan Dahlen
Custom OT Lines Defensemen
Adam Fox, Duncan Keith, Anthony DeAngelo, Dmitri Orlov, Mark Giordano

Scratches
None


% Time on Ice - RENO LIONS

Lines # - Real PCT - Wanted PCT - Time Play
Normal Forward
1 - 37% - 40% - 19:33
2 - 27% - 30% - 14:18
3 - 19% - 20% - 9:48
4 - 16% - 10% - 8:37
Normal Defense
1 - 35% - 36% - 18:16
2 - 34% - 31% - 17:57
3 - 24% - 23% - 12:31
4 - 7% - 10% - 3:32
PP Forward
1 - 51% - 55% - 2:55
2 - 49% - 45% - 2:50
PP Defense
1 - 51% - 55% - 2:55
2 - 49% - 45% - 2:50
PK Forward
1 - 56% - 55% - 1:07
2 - 44% - 45% - 0:52
PK Defense
1 - 100% - 55% - 1:59
2 - 0% - 45% - 0:00
PK3 Forward
1 - 0% - 55%
2 - 0% - 45%
PK3 Defense
1 - 0% - 55%
2 - 0% - 45%
44 Forward
1 - 0% - 55%
2 - 0% - 45%
44 Defense
1 - 0% - 55%
2 - 0% - 45%
Last Minute Offensive  - 0:00
Last Minute Defensive  - 0:00
Total
Forward - 60:00
Defense - 60:00

% Time on Ice - KELOWNA ROCKETS

Lines # - Real PCT - Wanted PCT - Time Play
Normal Forward
1 - 34% - 38% - 17:56
2 - 34% - 37% - 17:47
3 - 23% - 25% - 11:55
4 - 9% - 0% - 4:38
Normal Defense
1 - 37% - 37% - 19:12
2 - 34% - 35% - 17:38
3 - 28% - 28% - 14:28
4 - 2% - 0% - 0:58
PP Forward
1 - 43% - 60% - 0:51
2 - 57% - 40% - 1:08
PP Defense
1 - 43% - 60% - 0:51
2 - 57% - 40% - 1:08
PK Forward
1 - 91% - 65% - 5:15
2 - 9% - 35% - 0:30
PK Defense
1 - 57% - 55% - 3:15
2 - 43% - 45% - 2:30
PK3 Forward
1 - 0% - 60%
2 - 0% - 40%
PK3 Defense
1 - 0% - 55%
2 - 0% - 45%
44 Forward
1 - 0% - 55%
2 - 0% - 45%
44 Defense
1 - 0% - 55%
2 - 0% - 45%
Last Minute Offensive  - 0:00
Last Minute Defensive  - 0:00
Total
Forward - 60:00
Defense - 60:00

Play-by-Play

1st period


0:01 of 1st period - Steven Stamkos wins face-off versus Auston Matthews in neutral zone.
0:29 of 1st period - Icing by Adam Fox.
0:30 of 1st period - Auston Matthews wins face-off versus Pierre-Luc Dubois in KELOWNA ROCKETS zone.
0:55 of 1st period - Shot by Pavel Buchnevich.
0:55 of 1st period - Shot Blocked by Mattias Samuelsson.
1:17 of 1st period - Shot by Alexander Ovechkin.
1:17 of 1st period - Stopped by Elvis Merzlikins with a rebound.
1:44 of 1st period - Icing by Anthony DeAngelo.
1:45 of 1st period - Anthony Cirelli wins face-off versus Steven Stamkos in KELOWNA ROCKETS zone.
2:04 of 1st period - Steven Stamkos is hit by Duncan Keith and loses puck.
2:45 of 1st period - Shot by Tyler Bertuzzi.
2:45 of 1st period - Stopped by Elvis Merzlikins without a rebound.
2:46 of 1st period - Derek Grant wins face-off versus Cody Eakin in RENO LIONS zone.
2:54 of 1st period - Shot by Andreas Johnsson.
2:54 of 1st period - Stopped by Sergei Bobrovsky without a rebound.
2:55 of 1st period - Patrick Brown wins face-off versus Auston Matthews in KELOWNA ROCKETS zone.
3:04 of 1st period - Shot by Vincent Hinostroza.
3:04 of 1st period - Shot Misses the Net.
3:20 of 1st period - Shot by Patrick Brown.
3:20 of 1st period - Shot Blocked by Jonathon Merrill.
3:26 of 1st period - Nicholas Ritchie is hit by Pavel Buchnevich and loses puck.
3:39 of 1st period - Shot by Auston Matthews.
3:39 of 1st period - Stopped by Elvis Merzlikins without a rebound.
3:40 of 1st period - J.T. Compher wins face-off versus Derek Grant in RENO LIONS zone.
3:54 of 1st period - Icing by Oliver Ekman-Larsson.
3:55 of 1st period - Anthony Cirelli wins face-off versus Derek Grant in RENO LIONS zone.
4:32 of 1st period - Shot by Alexander Ovechkin.
4:32 of 1st period - Stopped by Elvis Merzlikins without a rebound.
4:33 of 1st period - Steven Stamkos wins face-off versus J.T. Compher in RENO LIONS zone.
4:33 of 1st period - Kirill Kaprizov is hit by Tyler Bertuzzi and loses puck.
4:44 of 1st period - Off-side.
4:45 of 1st period - Pierre-Luc Dubois wins face-off versus Pavel Buchnevich in neutral zone.
4:50 of 1st period - Shot by Cam Atkinson.
4:50 of 1st period - Stopped by Sergei Bobrovsky without a rebound.
4:51 of 1st period - J.T. Compher wins face-off versus Cam Atkinson in KELOWNA ROCKETS zone.
5:01 of 1st period - Shot by Cam Atkinson.
5:01 of 1st period - Shot Misses the Net.
5:03 of 1st period - Shot by Ilya Mikheyev.
5:03 of 1st period - Deflect By Pierre-Luc Dubois.
5:03 of 1st period - Stopped by Sergei Bobrovsky without a rebound.
5:04 of 1st period - Auston Matthews wins face-off versus Steven Stamkos in KELOWNA ROCKETS zone.
5:53 of 1st period - Icing by Kirill Kaprizov.
5:54 of 1st period - Steven Stamkos wins face-off versus J.T. Compher in RENO LIONS zone.
6:05 of 1st period - Jacob Trouba is hit by Tyler Bertuzzi and loses puck.
6:12 of 1st period - Shot by Derek Ryan.
6:12 of 1st period - Stopped by Elvis Merzlikins without a rebound.
6:13 of 1st period - Pierre-Luc Dubois wins face-off versus Anthony Cirelli in RENO LIONS zone.
6:25 of 1st period - Shot by Valeri Nichushkin.
6:25 of 1st period - Stopped by Elvis Merzlikins without a rebound.
6:26 of 1st period - Derek Grant wins face-off versus J.T. Compher in RENO LIONS zone.
6:40 of 1st period - Shot by Andreas Johnsson.
6:40 of 1st period - Deflect By Derek Grant.
6:40 of 1st period - Shot Misses the Net.
6:42 of 1st period - Shot by Mattias Samuelsson.
6:42 of 1st period - Shot Misses the Net.
6:48 of 1st period - Shot by Andreas Johnsson.
6:48 of 1st period - Stopped by Sergei Bobrovsky without a rebound.
6:49 of 1st period - Pierre-Luc Dubois wins face-off versus Anthony Cirelli in KELOWNA ROCKETS zone.
6:52 of 1st period - Shot by Ilya Mikheyev.
6:52 of 1st period - Deflect By Pierre-Luc Dubois.
6:52 of 1st period - Stopped by Sergei Bobrovsky without a rebound.
6:53 of 1st period - Anthony Cirelli wins face-off versus Pierre-Luc Dubois in KELOWNA ROCKETS zone.
6:53 of 1st period - Anthony Cirelli is hit by Pierre-Luc Dubois.
6:59 of 1st period - Shot by Valeri Nichushkin.
6:59 of 1st period - Shot Blocked by Robert Hagg.
7:01 of 1st period - Shot by Duncan Keith.
7:01 of 1st period - Shot Misses the Net.
7:03 of 1st period - Shot by Anthony Cirelli.
7:03 of 1st period - Shot Misses the Net.
7:29 of 1st period - Shot by Anthony Cirelli.
7:29 of 1st period - Shot Blocked by Robert Hagg.
7:31 of 1st period - Shot by Duncan Keith.
7:31 of 1st period - Stopped by Elvis Merzlikins with a rebound.
8:01 of 1st period - Off-side.
8:02 of 1st period - Auston Matthews wins face-off versus Patrick Brown in neutral zone.
8:47 of 1st period - Icing by Mattias Samuelsson.
8:48 of 1st period - J.T. Compher wins face-off versus Patrick Brown in RENO LIONS zone.
8:48 of 1st period - J.T. Compher is hit by Nikita Zadorov.
8:56 of 1st period - Shot by Tyler Bertuzzi.
8:56 of 1st period - Stopped by Elvis Merzlikins without a rebound.
8:57 of 1st period - Steven Stamkos wins face-off versus Cody Eakin in RENO LIONS zone.
9:18 of 1st period - Icing by Oliver Ekman-Larsson.
9:19 of 1st period - Steven Stamkos wins face-off versus J.T. Compher in RENO LIONS zone.
9:55 of 1st period - Tyler Bertuzzi is hit by Jacob Trouba and loses puck.
10:00 of 1st period - Shot by Adam Fox.
10:00 of 1st period - Stopped by Elvis Merzlikins with a rebound.
10:19 of 1st period - Icing by Jacob Trouba.
10:20 of 1st period - Anthony Cirelli wins face-off versus Kirill Kaprizov in RENO LIONS zone.
11:24 of 1st period - Icing by Pavel Buchnevich.
11:25 of 1st period - Auston Matthews wins face-off versus Pierre-Luc Dubois in KELOWNA ROCKETS zone.
11:36 of 1st period - Shot by Auston Matthews.
11:36 of 1st period - Shot Blocked by Robert Hagg.
12:01 of 1st period - Shot by Auston Matthews.
12:01 of 1st period - Goal by Auston Matthews - RENO LIONS : 0 - KELOWNA ROCKETS : 1.
12:02 of 1st period - J.T. Compher wins face-off versus Derek Grant in neutral zone.
12:09 of 1st period - Minor Penalty to Mattias Samuelsson for Tripping.
12:10 of 1st period - Patrick Brown wins face-off versus J.T. Compher in RENO LIONS zone.
12:23 of 1st period - Shot by Tyler Bertuzzi.
12:23 of 1st period - Shot Blocked by Robert Hagg.
12:33 of 1st period - Shot by Tyler Bertuzzi.
12:33 of 1st period - Shot Misses the Net.
12:35 of 1st period - Shot by Pavel Buchnevich.
12:35 of 1st period - Shot Misses the Net.
12:37 of 1st period - Shot by Pavel Buchnevich.
12:37 of 1st period - Shot Misses the Net.
12:39 of 1st period - Shot by Pavel Buchnevich.
12:39 of 1st period - Stopped by Elvis Merzlikins with a rebound.
12:41 of 1st period - Shot by Pavel Buchnevich.
12:41 of 1st period - Shot Misses the Net.
12:43 of 1st period - Shot by Pavel Buchnevich.
12:43 of 1st period - Stopped by Elvis Merzlikins without a rebound.
12:44 of 1st period - Elias Pettersson wins face-off versus Auston Matthews in RENO LIONS zone.
14:40 of 1st period - Shot by Jonathan Dahlen.
14:40 of 1st period - Goal by Jonathan Dahlen - RENO LIONS : 0 - KELOWNA ROCKETS : 2.
14:41 of 1st period - Pierre-Luc Dubois wins face-off versus Alexander Ovechkin in neutral zone.
15:02 of 1st period - Shot by Ilya Mikheyev.
15:02 of 1st period - Stopped by Sergei Bobrovsky without a rebound.
15:03 of 1st period - Patrick Brown wins face-off versus Auston Matthews in KELOWNA ROCKETS zone.
15:24 of 1st period - Shot by Auston Matthews.
15:24 of 1st period - Shot Blocked by Nikita Zadorov.
15:34 of 1st period - Adam Fox is hit by Nicholas Ritchie and loses puck.
16:04 of 1st period - Minor Penalty to Dmitri Orlov for Roughing.
16:05 of 1st period - Anthony Cirelli wins face-off versus Steven Stamkos in KELOWNA ROCKETS zone.
17:51 of 1st period - Shot by Elias Pettersson.
17:51 of 1st period - Goal by Elias Pettersson - RENO LIONS : 1 - KELOWNA ROCKETS : 2.
17:52 of 1st period - Cody Eakin wins face-off versus Derek Grant in neutral zone.
18:30 of 1st period - Shot by Derek Grant.
18:30 of 1st period - Stopped by Sergei Bobrovsky with a rebound.
18:54 of 1st period - Shot by Vladimir Tarasenko.
18:54 of 1st period - Shot Misses the Net.
18:56 of 1st period - Shot by Jonathon Merrill.
18:56 of 1st period - Stopped by Elvis Merzlikins without a rebound.
18:57 of 1st period - J.T. Compher wins face-off versus Steven Stamkos in RENO LIONS zone.
19:08 of 1st period - Shot by J.T. Compher.
19:08 of 1st period - Stopped by Elvis Merzlikins with a rebound.
Goals for this period are 1 for RENO LIONS vs 2 for KELOWNA ROCKETS.
Shots for this period are 8 for RENO LIONS vs 15 for KELOWNA ROCKETS.

2nd period


0:01 of 2nd period - Pierre-Luc Dubois wins face-off versus Anthony Cirelli in neutral zone.
0:19 of 2nd period - Shot by Alexander Ovechkin.
0:19 of 2nd period - Stopped by Elvis Merzlikins with a rebound.
0:37 of 2nd period - Shot by Valeri Nichushkin.
0:37 of 2nd period - Stopped by Elvis Merzlikins with a rebound.
0:42 of 2nd period - Off-side.
0:43 of 2nd period - Auston Matthews wins face-off versus Steven Stamkos in neutral zone.
1:05 of 2nd period - Icing by Kirill Kaprizov.
1:06 of 2nd period - J.T. Compher wins face-off versus Steven Stamkos in RENO LIONS zone.
2:06 of 2nd period - Anthony Cirelli is hit by Oliver Ekman-Larsson and loses puck.
2:09 of 2nd period - Shot by Valeri Nichushkin.
2:09 of 2nd period - Shot Misses the Net.
2:41 of 2nd period - Shot by Anthony DeAngelo.
2:41 of 2nd period - Stopped by Elvis Merzlikins without a rebound.
2:42 of 2nd period - Derek Grant wins face-off versus Pavel Buchnevich in RENO LIONS zone.
3:06 of 2nd period - Shot by Pavel Buchnevich.
3:06 of 2nd period - Stopped by Elvis Merzlikins without a rebound.
3:07 of 2nd period - Steven Stamkos wins face-off versus Cody Eakin in RENO LIONS zone.
3:17 of 2nd period - Icing by Robert Hagg.
3:18 of 2nd period - Anthony Cirelli wins face-off versus Steven Stamkos in RENO LIONS zone.
3:20 of 2nd period - Minor Penalty to Alexander Ovechkin for Roughing.
3:21 of 2nd period - Steven Stamkos wins face-off versus Anthony Cirelli in KELOWNA ROCKETS zone.
4:08 of 2nd period - Shot by Elias Pettersson.
4:08 of 2nd period - Shot Misses the Net.
4:46 of 2nd period - Shot by Ilya Mikheyev.
4:46 of 2nd period - Stopped by Sergei Bobrovsky with a rebound.
5:34 of 2nd period - Shot by Pavel Buchnevich.
5:34 of 2nd period - Shot Blocked by Robert Hagg.
6:28 of 2nd period - Icing by Jacob Trouba.
6:29 of 2nd period - Patrick Brown wins face-off versus Cody Eakin in RENO LIONS zone.
6:29 of 2nd period - Patrick Brown is hit by Keegan Kolesar.
6:50 of 2nd period - Shot by Nicholas Ritchie.
6:50 of 2nd period - Stopped by Sergei Bobrovsky without a rebound.
6:51 of 2nd period - J.T. Compher wins face-off versus Steven Stamkos in KELOWNA ROCKETS zone.
7:07 of 2nd period - Shot by Steven Stamkos.
7:07 of 2nd period - Shot Misses the Net.
8:03 of 2nd period - Pierre-Luc Dubois is hit by Dmitri Orlov and loses puck.
8:12 of 2nd period - Shot by Ilya Mikheyev.
8:12 of 2nd period - Goal by Ilya Mikheyev - RENO LIONS : 2 - KELOWNA ROCKETS : 2.
8:13 of 2nd period - Anthony Cirelli wins face-off versus Trevor Lewis in neutral zone.
8:43 of 2nd period - Anthony Cirelli is hit by Jacob Trouba and loses puck.
9:10 of 2nd period - Shot by Pavel Buchnevich.
9:10 of 2nd period - Stopped by Elvis Merzlikins without a rebound.
9:11 of 2nd period - Steven Stamkos wins face-off versus Auston Matthews in RENO LIONS zone.
9:11 of 2nd period - Steven Stamkos is hit by Vladimir Tarasenko.
9:32 of 2nd period - Shot by Steven Stamkos.
9:32 of 2nd period - Deflect By Elias Pettersson.
9:32 of 2nd period - Stopped by Sergei Bobrovsky without a rebound.
9:33 of 2nd period - Cody Eakin wins face-off versus Pierre-Luc Dubois in KELOWNA ROCKETS zone.
9:59 of 2nd period - Cam Atkinson is hit by Mark Giordano and loses puck.
10:54 of 2nd period - Shot by Valeri Nichushkin.
10:54 of 2nd period - Shot Misses the Net.
10:58 of 2nd period - Shot by Valeri Nichushkin.
10:58 of 2nd period - Shot Blocked by Jacob Trouba.
11:10 of 2nd period - Anthony Cirelli is hit by Oliver Ekman-Larsson and loses puck.
11:42 of 2nd period - Shot by Auston Matthews.
11:42 of 2nd period - Shot Misses the Net.
11:44 of 2nd period - Shot by Pavel Buchnevich.
11:44 of 2nd period - Shot Misses the Net.
12:50 of 2nd period - Shot by Pierre-Luc Dubois.
12:50 of 2nd period - Deflect By Cam Atkinson.
12:50 of 2nd period - Stopped by Sergei Bobrovsky without a rebound.
12:51 of 2nd period - Anthony Cirelli wins face-off versus Derek Grant in KELOWNA ROCKETS zone.
13:07 of 2nd period - Shot by Derek Grant.
13:07 of 2nd period - Stopped by Sergei Bobrovsky without a rebound.
13:08 of 2nd period - Cody Eakin wins face-off versus Pierre-Luc Dubois in KELOWNA ROCKETS zone.
13:27 of 2nd period - Keegan Kolesar is hit by Nikita Zadorov.
14:13 of 2nd period - Shot by Valeri Nichushkin.
14:13 of 2nd period - Shot Misses the Net.
14:15 of 2nd period - Shot by Valeri Nichushkin.
14:15 of 2nd period - Deflect By Alexander Ovechkin.
14:15 of 2nd period - Stopped by Elvis Merzlikins without a rebound.
14:16 of 2nd period - Derek Grant wins face-off versus Auston Matthews in RENO LIONS zone.
14:41 of 2nd period - Shot by Auston Matthews.
14:41 of 2nd period - Shot Blocked by Robert Hagg.
14:51 of 2nd period - Shot by Andreas Johnsson.
14:51 of 2nd period - Stopped by Sergei Bobrovsky without a rebound.
14:52 of 2nd period - Anthony Cirelli wins face-off versus Patrick Brown in KELOWNA ROCKETS zone.
15:05 of 2nd period - Shot by Vincent Hinostroza.
15:05 of 2nd period - Shot Misses the Net.
15:07 of 2nd period - Shot by Oliver Ekman-Larsson.
15:07 of 2nd period - Shot Misses the Net.
15:15 of 2nd period - Shot by Nicholas Ritchie.
15:15 of 2nd period - Shot Misses the Net.
15:23 of 2nd period - Shot by Nicholas Ritchie.
15:23 of 2nd period - Deflect By Vincent Hinostroza.
15:23 of 2nd period - Stopped by Sergei Bobrovsky without a rebound.
15:24 of 2nd period - Steven Stamkos wins face-off versus Auston Matthews in KELOWNA ROCKETS zone.
15:34 of 2nd period - Off-side.
15:35 of 2nd period - Pierre-Luc Dubois wins face-off versus Auston Matthews in neutral zone.
15:59 of 2nd period - Mattias Samuelsson is hit by Auston Matthews and loses puck.
16:30 of 2nd period - Nikita Zadorov is hit by Pavel Buchnevich.
18:00 of 2nd period - Shot by Steven Stamkos.
18:00 of 2nd period - Shot Misses the Net.
19:06 of 2nd period - Shot by Tyler Bertuzzi.
19:06 of 2nd period - Stopped by Elvis Merzlikins without a rebound.
19:07 of 2nd period - Auston Matthews wins face-off versus Patrick Brown in RENO LIONS zone.
19:08 of 2nd period - Shot by Vladimir Tarasenko.
19:08 of 2nd period - Stopped by Elvis Merzlikins without a rebound.
19:09 of 2nd period - Steven Stamkos wins face-off versus Auston Matthews in RENO LIONS zone.
19:28 of 2nd period - Shot by Steven Stamkos.
19:28 of 2nd period - Stopped by Sergei Bobrovsky without a rebound.
19:29 of 2nd period - Patrick Brown wins face-off versus Cody Eakin in KELOWNA ROCKETS zone.
19:54 of 2nd period - Shot by Vincent Hinostroza.
19:54 of 2nd period - Stopped by Sergei Bobrovsky without a rebound.
19:55 of 2nd period - Steven Stamkos wins face-off versus Auston Matthews in KELOWNA ROCKETS zone.
Goals for this period are 1 for RENO LIONS vs 0 for KELOWNA ROCKETS.
Shots for this period are 10 for RENO LIONS vs 8 for KELOWNA ROCKETS.

3rd period


0:01 of 3rd period - Auston Matthews wins face-off versus Steven Stamkos in neutral zone.
0:44 of 3rd period - Minor Penalty to Dmitri Orlov for Roughing.
0:45 of 3rd period - Pierre-Luc Dubois wins face-off versus Anthony Cirelli in KELOWNA ROCKETS zone.
0:50 of 3rd period - Shot by Pierre-Luc Dubois.
0:50 of 3rd period - Shot Blocked by Valeri Nichushkin.
0:52 of 3rd period - Shot by Ilya Mikheyev.
0:52 of 3rd period - Shot Misses the Net.
0:54 of 3rd period - Shot by Ilya Mikheyev.
0:54 of 3rd period - Shot Misses the Net.
1:10 of 3rd period - Shot by Ilya Mikheyev.
1:10 of 3rd period - Shot Misses the Net.
2:44 of 3rd period - Shot by Cam Atkinson.
2:44 of 3rd period - Shot Blocked by Dmitri Orlov.
2:47 of 3rd period - Derek Grant is hit by Dmitri Orlov and loses puck.
3:01 of 3rd period - Andreas Johnsson is hit by Dmitri Orlov and loses puck.
4:09 of 3rd period - Icing by Mark Giordano.
4:10 of 3rd period - Auston Matthews wins face-off versus Steven Stamkos in KELOWNA ROCKETS zone.
4:49 of 3rd period - Icing by Steven Stamkos.
4:50 of 3rd period - Steven Stamkos wins face-off versus Anthony Cirelli in RENO LIONS zone.
5:24 of 3rd period - Shot by Duncan Keith.
5:24 of 3rd period - Stopped by Elvis Merzlikins without a rebound.
5:25 of 3rd period - Pierre-Luc Dubois wins face-off versus J.T. Compher in RENO LIONS zone.
5:25 of 3rd period - Pierre-Luc Dubois is hit by Tyler Bertuzzi.
5:35 of 3rd period - Off-side.
5:36 of 3rd period - Auston Matthews wins face-off versus Derek Grant in neutral zone.
5:47 of 3rd period - Shot by Pavel Buchnevich.
5:47 of 3rd period - Shot Misses the Net.
5:58 of 3rd period - Icing by Jonathon Merrill.
5:59 of 3rd period - Pierre-Luc Dubois wins face-off versus Pavel Buchnevich in KELOWNA ROCKETS zone.
6:00 of 3rd period - Shot by Ilya Mikheyev.
6:00 of 3rd period - Stopped by Sergei Bobrovsky without a rebound.
6:01 of 3rd period - Pierre-Luc Dubois wins face-off versus Anthony Cirelli in KELOWNA ROCKETS zone.
6:11 of 3rd period - Icing by Duncan Keith.
6:12 of 3rd period - Steven Stamkos wins face-off versus Anthony Cirelli in KELOWNA ROCKETS zone.
6:12 of 3rd period - Steven Stamkos is hit by Anthony DeAngelo.
6:24 of 3rd period - Shot by Kirill Kaprizov.
6:24 of 3rd period - Stopped by Sergei Bobrovsky without a rebound.
6:25 of 3rd period - Auston Matthews wins face-off versus Pierre-Luc Dubois in KELOWNA ROCKETS zone.
6:25 of 3rd period - Auston Matthews is hit by Pierre-Luc Dubois.
6:37 of 3rd period - Shot by Vladimir Tarasenko.
6:37 of 3rd period - Shot Blocked by Ilya Mikheyev.
6:53 of 3rd period - Shot by Vladimir Tarasenko.
6:53 of 3rd period - Deflect By Auston Matthews.
6:53 of 3rd period - Stopped by Elvis Merzlikins without a rebound.
6:54 of 3rd period - Steven Stamkos wins face-off versus Anthony Cirelli in RENO LIONS zone.
7:09 of 3rd period - Shot by Alexander Ovechkin.
7:09 of 3rd period - Shot Misses the Net.
7:11 of 3rd period - Shot by Duncan Keith.
7:11 of 3rd period - Shot Misses the Net.
7:16 of 3rd period - Icing by Kirill Kaprizov.
7:17 of 3rd period - Auston Matthews wins face-off versus Steven Stamkos in RENO LIONS zone.
7:22 of 3rd period - Shot by Auston Matthews.
7:22 of 3rd period - Shot Blocked by Kirill Kaprizov.
7:24 of 3rd period - Shot by Pavel Buchnevich.
7:24 of 3rd period - Shot Blocked by Jacob Trouba.
7:26 of 3rd period - Shot by Auston Matthews.
7:26 of 3rd period - Deflect By Vladimir Tarasenko.
7:26 of 3rd period - Stopped by Elvis Merzlikins without a rebound.
7:27 of 3rd period - Anthony Cirelli wins face-off versus Pierre-Luc Dubois in RENO LIONS zone.
8:13 of 3rd period - Pierre-Luc Dubois is hit by Anthony Cirelli and loses puck.
8:19 of 3rd period - Icing by Mattias Samuelsson.
8:20 of 3rd period - Pierre-Luc Dubois wins face-off versus Auston Matthews in RENO LIONS zone.
8:46 of 3rd period - Icing by Oliver Ekman-Larsson.
8:47 of 3rd period - Steven Stamkos wins face-off versus J.T. Compher in RENO LIONS zone.
9:06 of 3rd period - Shot by Tyler Bertuzzi.
9:06 of 3rd period - Deflect By J.T. Compher.
9:06 of 3rd period - Shot Misses the Net.
9:08 of 3rd period - Shot by J.T. Compher.
9:08 of 3rd period - Stopped by Elvis Merzlikins with a rebound.
9:12 of 3rd period - Shot by Tyler Bertuzzi.
9:12 of 3rd period - Goal by Tyler Bertuzzi - RENO LIONS : 2 - KELOWNA ROCKETS : 3.
9:13 of 3rd period - Anthony Cirelli wins face-off versus Derek Grant in neutral zone.
9:16 of 3rd period - Shot by Alexander Ovechkin.
9:16 of 3rd period - Stopped by Elvis Merzlikins without a rebound.
9:17 of 3rd period - Derek Grant wins face-off versus Anthony Cirelli in RENO LIONS zone.
10:42 of 3rd period - Shot by Auston Matthews.
10:42 of 3rd period - Shot Blocked by Kirill Kaprizov.
10:52 of 3rd period - Shot by Pavel Buchnevich.
10:52 of 3rd period - Stopped by Elvis Merzlikins without a rebound.
10:53 of 3rd period - Pierre-Luc Dubois wins face-off versus J.T. Compher in RENO LIONS zone.
11:50 of 3rd period - Shot by Pavel Buchnevich.
11:50 of 3rd period - Goal by Pavel Buchnevich - RENO LIONS : 2 - KELOWNA ROCKETS : 4.
11:51 of 3rd period - Auston Matthews wins face-off versus Steven Stamkos in neutral zone.
11:53 of 3rd period - Off-side.
11:54 of 3rd period - Steven Stamkos wins face-off versus Vladimir Tarasenko in neutral zone.
12:36 of 3rd period - Shot by Vladimir Tarasenko.
12:36 of 3rd period - Shot Misses the Net.
12:47 of 3rd period - Icing by Jacob Trouba.
12:48 of 3rd period - Anthony Cirelli wins face-off versus Steven Stamkos in RENO LIONS zone.
13:07 of 3rd period - Shot by Valeri Nichushkin.
13:07 of 3rd period - Stopped by Elvis Merzlikins with a rebound.
13:13 of 3rd period - Shot by Alexander Ovechkin.
13:13 of 3rd period - Shot Misses the Net.
13:35 of 3rd period - Shot by Valeri Nichushkin.
13:35 of 3rd period - Shot Blocked by Oliver Ekman-Larsson.
14:21 of 3rd period - Mark Giordano is hit by Pierre-Luc Dubois and loses puck.
14:27 of 3rd period - Cam Atkinson is hit by Mark Giordano and loses puck.
14:34 of 3rd period - Shot by Pierre-Luc Dubois.
14:34 of 3rd period - Stopped by Sergei Bobrovsky without a rebound.
14:35 of 3rd period - Derek Grant wins face-off versus Auston Matthews in KELOWNA ROCKETS zone.
14:50 of 3rd period - Shot by Derek Grant.
14:50 of 3rd period - Shot Misses the Net.
14:52 of 3rd period - Shot by Ethan Bear.
14:52 of 3rd period - Shot Misses the Net.
15:00 of 3rd period - Shot by Trevor Lewis.
15:00 of 3rd period - Stopped by Sergei Bobrovsky without a rebound.
15:01 of 3rd period - Patrick Brown wins face-off versus Anthony Cirelli in KELOWNA ROCKETS zone.
15:01 of 3rd period - Nicholas Ritchie is hit by Adam Fox.
15:45 of 3rd period - Icing by Patrick Brown.
15:46 of 3rd period - Patrick Brown wins face-off versus Auston Matthews in RENO LIONS zone.
16:34 of 3rd period - Icing by Nikita Zadorov.
16:35 of 3rd period - Anthony Cirelli wins face-off versus Patrick Brown in RENO LIONS zone.
16:50 of 3rd period - Shot by Valeri Nichushkin.
16:50 of 3rd period - Shot Blocked by Mattias Samuelsson.
18:13 of 3rd period - Shot by Tyler Bertuzzi.
18:13 of 3rd period - Shot Misses the Net.
18:15 of 3rd period - Shot by J.T. Compher.
18:15 of 3rd period - Stopped by Elvis Merzlikins without a rebound.
18:16 of 3rd period - Auston Matthews wins face-off versus Pierre-Luc Dubois in RENO LIONS zone.
19:01 of 3rd period - Shot by Pierre-Luc Dubois.
19:01 of 3rd period - Shot Blocked by Auston Matthews.
19:18 of 3rd period - Icing by Ethan Bear.
19:19 of 3rd period - Steven Stamkos wins face-off versus Anthony Cirelli in RENO LIONS zone.
19:19 of 3rd period - Steven Stamkos is hit by Valeri Nichushkin.
19:25 of 3rd period - Shot by Steven Stamkos.
19:25 of 3rd period - Shot Blocked by Adam Fox.
19:40 of 3rd period - Kirill Kaprizov is hit by Dmitri Orlov and loses puck.
Goals for this period are 0 for RENO LIONS vs 2 for KELOWNA ROCKETS.
Shots for this period are 4 for RENO LIONS vs 10 for KELOWNA ROCKETS.


SEBASTIAN
AHO
MARK
SCHEIFELE
JAKE
OETTINGER

EAST COAST

HOCKEY LEAGUE

  • 17.QUE3CHI2
  • 18.CHA2LIM4
  • 19.TRV3LON2
  • 20.CHW1BAL2
  • 21.PITMAN
  • 22.ATLNHW
  • 23.WORPET
  • 24.RHI